 Dungeon Crawl Stone Soup version 0.22.1-6-g1668fe2 (webtiles) character file.

61145 bande the Cleaver (level 15, -1/95 HPs)
             Began as a Gargoyle Fighter on Feb 7, 2019.
             Was the Champion of Okawaru.
             Succumbed to barbed spike wounds
             ... on level 12 of the Dungeon.
             The game lasted 00:46:38 (22453 turns).

bande the Cleaver (Gargoyle Fighter)               Turns: 22453, Time: 00:46:38

Health: -1/95      AC: 35    Str: 21    XL:     15   Next: 1%
Magic:  0/22       EV:  1    Int: 10    God:    Okawaru [******]
Gold:   1635       SH: 19    Dex: 13    Spells: 12/14 levels left

rFire    + . .     SeeInvis +   I - +8 mithril axe "Arga" {speed, MR+}
rCold    . . .     Gourm    .   A - +1 large shield
rNeg     + . .     Faith    .   K - +2 crystal plate armour
rPois    ∞         Spirit   +   (helmet restricted)
rElec    +         Reflect  .   q - scarf {repulsion}
rCorr    .         Harm     .   a - +1 pair of gloves
MR       +++..                  s - +0 pair of boots
Stlth    ..........             U - amulet of guardian spirit
HPRegen  0.25/turn              o - ring of see invisible
MPRegen  0.18/turn              n - ring of protection from magic

@: barbed spikes, studying Stealth, repel missiles
A: big wings, horns 1, see invisible, fire resistance 1, negative energy
resistance 1, sense surroundings 1, electricity resistance, wild magic 1,
unbreathing, petrification resistance, rot immunity, AC +11
a: Fly, Heroism, Finesse, Renounce Religion


You were on level 12 of the Dungeon.
You worshipped Okawaru.
Okawaru was exalted by your worship.
You were not hungry.

You visited 4 branches of the dungeon, and saw 21 of its levels.

You collected 1902 gold pieces.
You spent 267 gold pieces at shops.

Inventory:

Hand Weapons
 v - a +1 broad axe of chopping
 I - the +8 mithril axe "Arga" (weapon) {speed, MR+}
   (Okawaru gifted it to you on level 6 of the Lair of Beasts)

   Attacks with this weapon are significantly faster.
   It affects your resistance to hostile enchantments.
 O - a +3 scimitar of flaming
Armour
 a - a +1 pair of gloves (worn)
 c - a +2 buckler of poison resistance
 q - a scarf of repulsion (worn)
 s - a +0 pair of boots (worn)
 y - a scarf of resistance
 A - a +1 large shield (worn)
 K - a +2 crystal plate armour (worn)
 L - a +2 cloak
Jewellery
 j - an uncursed ring of protection from cold
 l - an uncursed ring of protection from cold
 n - a ring of protection from magic (right hand)
 o - a ring of see invisible (left hand)
 F - an uncursed ring of resist corrosion
 T - an uncursed ring of protection from cold
 U - an amulet of guardian spirit (around neck)
Wands
 b - a wand of clouds (9)
 C - a wand of flame (52)
 Q - a wand of paralysis (33)
 V - a wand of acid (11)
 Y - a wand of disintegration (17)
 Z - a wand of iceblast (6)
Scrolls
 g - 3 scrolls of magic mapping
 h - 3 scrolls of fog
 i - 14 scrolls of identify
 k - 3 scrolls of amnesia
 p - a scroll of silence
 r - 3 scrolls of enchant armour
 w - 5 scrolls of remove curse
 D - 2 scrolls of enchant weapon
 G - 3 scrolls of teleportation
 S - 3 scrolls of blinking
 W - 2 scrolls of fear
Potions
 d - 2 potions of might
 e - 5 potions of curing
 x - 4 potions of haste
 J - 2 potions of magic
 R - a potion of cancellation
 X - 4 potions of heal wounds
Books
 t - a manual of Stealth
Miscellaneous
 m - a phantom mirror
 z - a fan of gales
 B - a phial of floods
 P - a sack of spiders
Comestibles
 f - 31 rations


   Skills:
 * Level 11.5 Fighting
 + Level 1.0 Long Blades
 * Level 14.9 Axes
 + Level 7.8 Armour
 - Level 1.0 Dodging
 + Level 10.8 Shields
 * Level 4.8 Translocations
 * Level 9.4 Invocations
 * Level 7.7 Evocations


You had 12 spell levels left.
You knew the following spells:

 Your Spells              Type           Power        Failure   Level  Hunger
a - Blink                 Tloc           N/A          100%        2    ###....

Your spell library contained the following spells:

 Spells                   Type           Power        Failure   Level  Hunger
 Animate Skeleton         Necr           N/A          100%        1    ##.....
 Apportation              Tloc           ##....       100%        1    ##.....
 Confusing Touch          Hex            #.....       100%        1    ##.....
 Magic Dart               Conj           #...         100%        1    ##.....
 Summon Small Mammal      Summ           #...         100%        1    ##.....
 Call Imp                 Summ           #.......     100%        2    ###....
 Shroud of Golubria       Chrm/Tloc      #.........   100%        2    ###....
 Slow                     Hex            #.......     100%        2    ###....
 Throw Frost              Conj/Ice       #.....       100%        2    ###....
 Conjure Flame            Conj/Fire      #.......     100%        3    ####...
 Gell's Gravitas          Tloc           ##........   100%        3    ####...
 Ignite Poison            Fire/Tmut/Pois #.......     100%        3    ####...
 Lesser Beckoning         Tloc           ##........   100%        3    ####...
 Mephitic Cloud           Conj/Pois/Air  #.......     100%        3    ####...
 Teleport Other           Tloc           ##......     100%        3    ####...
 Olgreb's Toxic Radiance  Pois           #.......     100%        4    #####..
 Passage of Golubria      Tloc           N/A          100%        4    #####..
 Venom Bolt               Conj/Pois      #.........   100%        5    ######.
 Freezing Cloud           Conj/Ice/Air   #.........   100%        6    #######


Dungeon Overview and Level Annotations

Branches:
Dungeon (12/15)            Temple (1/1) D:4            Lair (6/6) D:10
  Swamp (0/4) Lair:4       Spider (0/4) Lair:4        Slime (0/5) Lair:6
    Orc (2/2) D:11            Elf (0/3) Orc:2

Altars:
Ashenzari
Cheibriados
Fedhas
Gozag
Hepliaklqana
Kikubaaqudgha
Makhleb
Nemelex Xobeh
Okawaru
Qazlal
Ru
Sif Muna
Uskayaw
Vehumet
Xom
Yredelemnul
Zin
Beogh

Shops:
D:4 (   D:10 :   D:12 *   Orc:2 *[(

Annotations:
D:5 2 runed doors, concernfroge's ghost, novice OpAs
D:7 3 runed doors, JBWHISE123's ghost, novice HOFi; SorrowsChan's ghost, novice TeGl
D:11 1 runed door, Fang's ghost, journeyman GrBe
D:12 Rowan's ghost, journeyman HuGl


Innate Abilities, Weirdness & Mutations

You are resistant to torment.
Your stone body is resilient. (AC +11)
You are immune to poison.
Your large and strong wings let you fly indefinitely.
You resist negative energy. (rN+)
You are resistant to electric shocks. (rElec)
You can survive without breathing.
You are immune to petrification.
You are immune to rotting.
You have a pair of small horns on your head.
You have supernaturally acute eyesight. (SInv)
Your flesh is heat resistant. (rF+)
You passively map a small area around you.
Your spells are a little harder to cast, but a little more powerful.


Message History

The barbed spikes dig painfully into your body as you move.
The barbed spikes dig painfully into your body as you move.
The cyclops throws a large rock.
You block the large rock.
You see here a large rock.
The barbed spikes dig painfully into your body as you move.
The barbed spikes dig painfully into your body as you move.
* * * LOW HITPOINT WARNING * * *
The barbed spikes dig painfully into your body as you move.
* * * LOW HITPOINT WARNING * * *
The barbed spikes dig painfully into your body as you move.
* * * LOW HITPOINT WARNING * * *
The barbed spikes dig painfully into your body as you move.
* * * LOW HITPOINT WARNING * * *
The barbed spikes dig painfully into your body as you move.
* * * LOW HITPOINT WARNING * * *
Unknown command.
The barbed spikes dig painfully into your body as you move.
* * * LOW HITPOINT WARNING * * *
The barbed spikes dig painfully into your body as you move.
You die...

#.#########.# #..##.#.#.#
#.#.....#.#.# ##.##.....#
#.#.####.?#.#####.####.########
###.'.#[..$##.##..........# #....
...4'...#.[.#.##.##.##.#..# #.###
...H'.....[##.##.##.)..#..###.#
##.C#H####..#.##.##.##........#
###.#.lW.D#.#....##.##.#.<...##
..#H#########.#.@.........#...#
....(..C(.....#.###########...#
#.#############.# #...# ..# #.#
#...# #.# ##########.###### #...#
#.# #.....##........######.).###
..## #.....##.###.##....>........
)#.######...#.# #................
###.#†..#[..#.###................


There were no monsters in sight!

Vanquished Creatures
  An orc warlord (Orc:2)
  Harold (Orc:1)
  Erolcha (Orc:1)
  Erica (D:9)
  3 catoblepae (Lair:6)
  4 hydras
  A queen ant (Lair:2)
  An orc high priest (Orc:2)
  3 two-headed ogres (D:12)
  12 death yaks
  2 unseen horrors (D:11)
  A swamp dragon (Lair:5)
  Pikel (D:9)
  3 orc knights
  3 manticores
  A deep elf mage (D:12)
  3 orc sorcerers
  A cyclops (D:12)
  3 elephants (Lair:6)
  2 black mambas
  3 gargoyles
  10 spiny frogs
  4 komodo dragons
  A torpor snail (Lair:6)
  3 rime drakes
  4 trolls
  2 polar bears
  2 jumping spiders (Lair:4)
  A hornet (D:10)
  7 hippogriffs
  14 blink frogs
  9 dream sheep (Lair:6)
  4 redbacks (Lair:4)
  42 yaks
  A human (D:10)
  2 hungry ghosts
  6 vampire mosquitoes (Lair:4)
  9 wargs
  5 soldier ants (Lair:2)
  Duvessa (D:5)
  A porcupine (Lair:5)
  10 water moccasins
  31 orc warriors
  A sky beast (D:10)
  3 ice beasts
  A slave (D:9)
  A necrophage (D:10)
  12 ogres
  7 centaurs
  8 crocodiles
  3 big kobolds
  Blork the orc (Orc:2)
  14 bullfrogs
  Dowan (D:5)
  A gnoll sergeant (D:7)
  A wyvern skeleton (D:6)
  4 scorpions
  8 killer bees (D:9)
  6 wights (D:9)
  An electric eel (Lair:4)
  2 centaur zombies
  6 crimson imps
  26 orc priests
  Crazy Yiuf (D:3)
  2 hounds (D:6)
  2 jellies
  27 orc wizards
  2 bullfrog skeletons
  2 iguanas (D:4)
  30 worker ants
  A killer bee zombie (D:8)
  A hound skeleton (D:5)
  A worker ant zombie (D:9)
  13 gnolls
  13 adders
  A shadow imp (D:5)
  5 oozes
  2 adder skeletons
  2 adder zombies (D:8)
  2 worms
  3 dart slugs
  3 leopard geckos
  96 orcs
  7 giant cockroaches
  9 goblins
  9 hobgoblins
  3 jackals (D:4)
  7 quokkas
  A ball python (D:6)
  16 bats
  4 frilled lizards (D:1)
  A jackal skeleton (D:4)
  29 kobolds
  A leopard gecko zombie (D:3)
  2 quokka zombies
  5 rats
  A spectral orc (D:3)
  5 fungi
  2 plants (Lair:5)
638 creatures vanquished.

Vanquished Creatures (others)
  2 water moccasins
  A scorpion (D:9)
  A jelly (D:10)
  A hound (D:9)
  2 orc wizards (Orc:2)
  An orc (D:4)
  13 fungi
  13 plants
  2 withered plants (D:7)
36 creatures vanquished.

Grand Total: 674 creatures vanquished

Notes
Turn   | Place    | Note
-------+----------+-------------------------------------------
     0 | D:1      | bande the Gargoyle Fighter began the quest for the Orb.
     0 | D:1      | Reached XP level 1. HP: 14/14 MP: 1/1
    43 | D:1      | Reached skill level 2 in Axes
    43 | D:1      | Reached XP level 2. HP: 17/19 MP: 2/2
   297 | D:1      | Reached XP level 3. HP: 24/24 MP: 3/3
   753 | D:2      | Reached XP level 4. HP: 26/29 MP: 4/4
   800 | D:2      | Reached skill level 3 in Axes
  1263 | D:3      | Found a stormy altar of Qazlal.
  1337 | D:3      | Reached XP level 5. HP: 31/33 MP: 5/5
  1649 | D:3      | Reached skill level 4 in Axes
  1852 | D:3      | Found a basalt altar of Yredelemnul.
  2100 | D:3      | Found a runed door.
  2439 | D:3      | Noticed Crazy Yiuf
  2443 | D:3      | Killed Crazy Yiuf
  2443 | D:3      | Reached XP level 6. HP: 39/39 MP: 6/6
  2705 | D:4      | Noticed a dagger
  2709 | D:4      | Noticed a dagger
  2748 | D:4      | Found a staircase to the Ecumenical Temple.
  2757 | Temple   | Entered the Ecumenical Temple
  2764 | Temple   | Became a worshipper of Warmaster Okawaru
  2800 | D:4      | Found Lodobo's Antique Weapon Shop.
  2945 | D:4      | Found a blossoming altar of Fedhas.
  3006 | D:4      | Found a hide-covered altar of Uskayaw.
  3024 | D:4      | Reached skill level 5 in Axes
  3028 | D:4      | Reached skill level 1 in Dodging
  3028 | D:4      | Reached XP level 7. HP: 39/44 MP: 7/7
  3150 | D:5      | Entered Level 5 of the Dungeon
  3288 | D:5      | Found a runed door.
  3290 | D:5      | Noticed concernfroge's ghost (novice OpAs)
  3302 | D:5      | Found a sparkling altar of Nemelex Xobeh.
  3338 | D:5      | Found a runed door.
  3702 | D:5      | Reached skill level 5 in Fighting
  3702 | D:5      | Reached skill level 1 in Invocations
  3773 | D:5      | Noticed Duvessa
  3777 | D:5      | Noticed Dowan
  3788 | D:5      | Killed Duvessa
  3788 | D:5      | Reached * piety under Okawaru
  3788 | D:5      | Reached skill level 1 in Evocations
  3795 | D:5      | Killed Dowan
  3795 | D:5      | Reached skill level 6 in Axes
  3795 | D:5      | Reached XP level 8. HP: 43/49 MP: 9/9
  4041 | D:6      | Found a radiant altar of Vehumet.
  4201 | D:6      | Found a sacrificial altar of Ru.
  4436 | D:6      | Reached skill level 5 in Shields
  4451 | D:6      | Reached ** piety under Okawaru
  4455 | D:6      | Found a shattered altar of Ashenzari.
  4488 | D:6      | Found an ancient bone altar of Kikubaaqudgha.
  4554 | D:7      | Found an opulent altar of Gozag.
  4574 | D:7      | Reached skill level 7 in Axes
  4736 | D:7      | Identified Sif Muna's Compendium of Frigorific Envenoming
  4903 | D:7      | Reached XP level 9. HP: 55/55 MP: 11/11
  5112 | D:7      | Found a runed gate.
  5112 | D:7      | Found a runed gate.
  5112 | D:7      | Found a runed gate.
  5113 | D:7      | Noticed JBWHISE123's ghost (novice HOFi)
  5114 | D:7      | Noticed SorrowsChan's ghost (novice TeGl)
  5534 | D:8      | Gained mutation: You possess an exceptional clarity of
                  | mind. [potion of mutation]
  5534 | D:8      | Gained mutation: Your body sometimes deteriorates upon
                  | taking damage. [potion of mutation]
  5534 | D:8      | Gained mutation: You are clumsy. (Dex -2) [potion of
                  | mutation]
  5534 | D:8      | Gained mutation: You passively map a small area around you.
                  | [potion of mutation]
  5591 | D:8      | Found a shimmering altar of Xom.
  5953 | D:8      | Reached skill level 8 in Axes
  6146 | D:8      | Reached *** piety under Okawaru
  6345 | D:8      | Found a burning altar of Makhleb.
  6346 | D:8      | Found a deep blue altar of Sif Muna.
  6738 | D:9      | Noticed Pikel
  6782 | D:9      | Killed Pikel
  6852 | D:9      | Reached XP level 10. HP: 61/61 MP: 13/13
  6884 | D:9      | HP: 3/61 [killer bee (3)]
  6892 | D:9      | Reached skill level 9 in Axes
  6892 | D:9      | Reached skill level 5 in Armour
  7645 | D:9      | Reached **** piety under Okawaru
  7716 | D:9      | Reached skill level 5 in Invocations
  7796 | D:9      | Noticed Erica
  7830 | D:9      | Killed Erica
  8206 | D:9      | HP: 1/63 [orc priest/divine providence (10)]
  8488 | D:10     | Entered Level 10 of the Dungeon
  8532 | D:10     | Found Xodgharagg's Book Emporium.
  8693 | D:10     | Noticed a gargoyle
  8701 | D:10     | Killed a gargoyle
  8701 | D:10     | Reached skill level 10 in Axes
  8968 | D:10     | Found a staircase to the Lair.
  8969 | D:10     | Noticed a death yak
  8969 | D:10     | Noticed a death yak
  8970 | D:10     | Noticed a death yak
  8972 | D:10     | Noticed a death yak
  8972 | D:10     | Noticed a death yak
  9009 | D:9      | Killed a death yak
  9009 | D:9      | Reached ***** piety under Okawaru
  9009 | D:9      | Reached XP level 11. HP: 41/67 MP: 15/15
  9160 | D:9      | HP: 1/67 [death yak (12)]
  9168 | D:9      | Killed a death yak
  9494 | D:9      | Killed a death yak
  9734 | D:9      | Killed a death yak
  9950 | D:9      | Killed a death yak
 10046 | D:10     | Received a gift from Okawaru
 10350 | D:10     | Reached skill level 5 in Evocations
 10360 | D:10     | Reached skill level 11 in Axes
 10494 | Lair:1   | Entered Level 1 of the Lair of Beasts
 11466 | Lair:2   | Received a gift from Okawaru
 11466 | Lair:2   | Reached XP level 12. HP: 60/75 MP: 17/17
 11984 | Lair:2   | Noticed a queen ant
 12019 | Lair:2   | Killed a queen ant
 12116 | Lair:2   | Reached skill level 12 in Axes
 12125 | Lair:2   | Received a gift from Okawaru
 12259 | Lair:2   | You fall through a shaft for 2 floors!
 12884 | Lair:3   | Reached ****** piety under Okawaru
 12997 | Lair:3   | Learned a level 2 spell: Blink
 13406 | Lair:4   | Found a hole to the Spider Nest.
 13440 | Lair:4   | Received a gift from Okawaru
 13746 | Lair:4   | Found a staircase to the Swamp.
 13803 | Lair:4   | Noticed a four-headed hydra
 13813 | Lair:4   | Killed a one-headed hydra
 13813 | Lair:4   | Reached skill level 1 in Translocations
 13936 | Lair:4   | Reached XP level 13. HP: 50/80 MP: 18/18
 15274 | Lair:6   | Entered Level 6 of the Lair of Beasts
 16120 | Lair:6   | Reached skill level 10 in Shields
 16424 | Lair:6   | Reached skill level 13 in Axes
 16552 | Lair:6   | Received a gift from Okawaru
 16553 | Lair:6   | Found the +8 mithril axe "Arga" {speed, MR+}
 16554 | Lair:6   | Found a staircase to the Slime Pits.
 16714 | Lair:6   | Reached skill level 10 in Fighting
 17207 | Lair:6   | Received a gift from Okawaru
 17586 | Lair:6   | Gained mutation: Your large and strong wings let you fly
                  | indefinitely. [Gargoyle growth]
 17586 | Lair:6   | Reached XP level 14. HP: 22/88 MP: 5/20
 18181 | Lair:6   | Received a gift from Okawaru
 18864 | D:11     | Reached skill level 14 in Axes
 18951 | D:11     | Reached skill level 1 in Long Blades
 19057 | D:11     | Found a runed door.
 19057 | D:11     | Found a shimmering altar of Xom.
 19057 | D:11     | Noticed Fang's ghost (journeyman GrBe)
 19124 | D:11     | Found a staircase to the Orcish Mines.
 19325 | D:11     | Lost mutation: You possess an exceptional clarity of mind.
                  | [potion of mutation]
 19325 | D:11     | Lost mutation: Your body sometimes deteriorates upon taking
                  | damage. [potion of mutation]
 19325 | D:11     | Lost mutation: You are clumsy. (Dex -2) [potion of
                  | mutation]
 19325 | D:11     | Gained mutation: You have a pair of small horns on your
                  | head. [potion of mutation]
 19325 | D:11     | Gained mutation: Your flesh is heat resistant. (rF+)
                  | [potion of mutation]
 19325 | D:11     | Gained mutation: You have supernaturally acute eyesight.
                  | (SInv) [potion of mutation]
 19325 | D:11     | Gained mutation: Your spells are a little harder to cast,
                  | but a little more powerful. [potion of mutation]
 19562 | Orc:1    | Entered Level 1 of the Orcish Mines
 19815 | Orc:2    | Entered Level 2 of the Orcish Mines
 20230 | Orc:2    | Noticed Blork the orc
 20231 | Orc:2    | Received a gift from Okawaru
 20243 | Orc:2    | Noticed an orc warlord
 20245 | Orc:2    | Killed Blork the orc
 20278 | Orc:2    | Killed an orc warlord
 20616 | Orc:2    | Found a roughly hewn altar of Beogh.
 20619 | Orc:2    | Found Vahuez's General Store.
 20638 | Orc:2    | Found Vecacwif's Antique Weapon Shoppe.
 20666 | Orc:2    | Bought a potion of heal wounds for 65 gold pieces
 20790 | Orc:2    | Found a staircase to the Elven Halls.
 20833 | Orc:2    | Found Tiyf's Jewellery Shoppe.
 20846 | Orc:2    | Found Woaciece's Antique Armour Shoppe.
 20853 | Orc:2    | Bought a pair of embroidered gloves for 202 gold pieces
 21413 | Orc:1    | Noticed Harold
 21428 | Orc:1    | Killed Harold
 21428 | Orc:1    | Noticed Erolcha
 21438 | Orc:1    | Killed Erolcha
 21558 | Orc:1    | Found a roughly hewn altar of Beogh.
 21977 | D:12     | Found a runed gate.
 21979 | D:12     | Found a runed gate.
 21979 | D:12     | Found a runed gate.
 21984 | D:12     | Noticed Rowan's ghost (journeyman HuGl)
 22045 | D:12     | Found Ceuch's Serpentskin Sales.
 22131 | D:12     | Reached XP level 15. HP: 90/95 MP: 19/22
 22452 | D:12     | HP: 2/95 [barbs]
 22453 | D:12     | Succumbed to barbed spike wounds

Skill      XL: |  1  2  3  4  5  6  7  8  9 10 11 12 13 14 |
---------------+-------------------------------------------+-----
Axes           | 2 3 4 5 6 7 8 10 11 12 13 14 | 14.9
Fighting       | 4 5 6 7 8 9 10 11 | 11.5
Shields        | 4 5 6 7 8 9 10 | 10.8
Armour         | 4 5 6 7 |  7.8
Dodging        | 1 |  1.0
Invocations    | 1 3 4 5 6 7 8 9 |  9.4
Evocations     | 1 2 3 4 5 6 7 |  7.7
Translocations | 1 3 4 |  4.8
Long Blades    | 1 |  1.0

Action                   |  1- 3 |  4- 6 |  7- 9 | 10-12 | 13-15 || total
-------------------------+-------+-------+-------+-------+-------++-------
Melee: War axe           |   142 |   240 |   572 |   699 |       ||  1653
       Broad axe         |       |       |       |   356 |   836 ||  1192
       Scimitar          |       |       |       |     6 |    25 ||    31
       Headbutt          |       |       |       |       |    65 ||    65
Invok: Heroism           |       |       |       |     4 |     3 ||     7
  Use: Potion            |     1 |     1 |     4 |     8 |     9 ||    23
       Scroll            |       |       |       |    13 |    10 ||    23
 Stab: Paralysed         |       |       |     1 |       |       ||     1
  Eat: Chunk             |       |     7 |    16 |    19 |    29 ||    71
       Ration            |       |       |     1 |     2 |       ||     3
Armor: Scale mail        |    96 |   143 |     1 |       |       ||   240
       Plate armour      |       |       |   339 |   704 |   250 ||  1293
       Crystal plate arm |       |       |       |       |   216 ||   216
Dodge: Dodged            |    65 |    70 |    42 |   106 |    50 ||   333
Block: Shield            |    97 |   131 |    20 |       |       ||   248
       Large shield      |       |       |   420 |   945 |   733 ||  2098
